 Dungeon Crawl Stone Soup version 0.21.0-3-g78d12a8 (webtiles) character file.

17719 Ghouzt the Blocker (level 12, -3/240 HPs)
             Began as a Hill Orc Berserker on Jan 9, 2018.
             Was a High Priest of Trog.
             Slain by a titanic slime creature (71 damage)
             ... on level 13 of the Dungeon.
             The game lasted 00:47:28 (12790 turns).

Ghouzt the Blocker (Hill Orc Berserker)            Turns: 12790, Time: 00:47:29

Health: -3/240     AC: 29    Str: 35    XL:     12   Next: 51%
Magic:  0/12       EV:  2    Int:  7    God:    Trog [*****.]
Gold:   625        SH: 14    Dex: 10    Spells: 11/11 levels left

rFire    . . .     SeeInvis .   b - +0 war axe
rCold    + + .     Gourm    .   M - +0 shield {AC+3}
rNeg     + + +     Faith    .   (armour currently unavailable)
rPois    +         Spirit   +   (helmet currently unavailable)
rElec    .         Reflect  .   (cloak currently unavailable)
rCorr    +         Harm     .   (gloves currently unavailable)
MR       ++...     NoTele   +   (boots currently unavailable)
Stlth    ..........             f - amulet of Darkness {Spirit rC+ Str+5}
HPRegen  1.50/turn              l - ring of protection from cold
MPRegen  0.13/turn              d - ring of resist corrosion

@: berserking (expiring), tree-form, regenerating, very quick
A: no striking features
a: Berserk, Trog's Hand, Brothers in Arms, Burn Spellbooks, Renounce Religion


You were on level 13 of the Dungeon.
You worshipped Trog.
Trog was extremely pleased with you.
You were very hungry.
You were a tree.
You visited 1 branch of the dungeon, and saw 13 of its levels.

You collected 824 gold pieces.
You spent 199 gold pieces at shops.

Inventory:

Hand Weapons
 b - a +0 war axe (weapon)
Armour
 o - a scarf of repulsion (melded)
 p - a +0 large shield
 C - a +0 pair of boots (melded)
 H - a scarf of cloud immunity
 J - a +0 pair of gloves (melded)
 L - a +0 helmet (melded)
 M - a +0 shield of protection (worn)
 O - a +0 plate armour (melded)
Jewellery
 d - a ring of resist corrosion (right branch)
 f - the amulet of Darkness (around neck) {Spirit rC+ Str+5}
   (You bought it in a shop on level 5 of the Dungeon)

   [amulet of guardian spirit]

   It causes incoming damage to be split between your health and magic.
   It affects your strength (+5).
   It protects you from cold.
 l - a ring of protection from cold (left branch)
 m - an uncursed ring of magical power
 P - an uncursed amulet of harm
Wands
 a - a wand of paralysis (9)
 h - a wand of polymorph (21)
 k - a wand of digging (13)
 v - a wand of iceblast (7)
 K - a wand of clouds (11)
Scrolls
 e - 3 scrolls of enchant armour
 g - a scroll of fear
 q - 5 scrolls of teleportation
 r - a scroll of enchant weapon
 s - 2 scrolls of magic mapping
 y - 5 scrolls of remove curse
 B - a scroll of silence
 D - a scroll of immolation
 E - a scroll of fog
 F - a scroll of summoning
 I - a scroll of vulnerability
Potions
 i - 4 potions of haste
 n - 2 potions of heal wounds {unknown}
 t - 2 potions of brilliance
 u - 3 potions of curing
 w - a potion of magic {unknown}
 x - 2 potions of degeneration
 A - a potion of berserk rage
 G - 2 potions of might
 N - a potion of lignification
 Q - a potion of flight
 R - 2 potions of resistance
 S - 3 potions of agility
Comestibles
 c - 21 rations
 j - 2 chunks of flesh


   Skills:
 * Level 10.4 Fighting
 + Level 10.4 Axes
 - Level 12.3 Armour
 - Level 1.5 Dodging
 - Level 13.4 Shields


You had 11 spell levels left.
You didn't know any spells.

Dungeon Overview and Level Annotations

Branches:
Dungeon (13/15)            Temple (0/1) D:4            Lair (0/6) D:11
    Orc (0/2) D:11
 Vaults: D:13-14

Altars:
Ashenzari
Dithmenos
Fedhas
Gozag
Kikubaaqudgha
Nemelex Xobeh
Okawaru
Qazlal
Ru
Sif Muna
Trog
The Shining One

Shops:
D:5 *=(::   D:12 [


Message History

The titanic slime creature is heavily wounded.
The titanic slime creature hits you!!!
* * * LOW HITPOINT WARNING * * *
You slash the titanic slime creature!
The titanic slime creature is heavily wounded.
You block the titanic slime creature's attack.
You barely miss the titanic slime creature.
The titanic slime creature is heavily wounded.
You slash the titanic slime creature!
The titanic slime creature is severely wounded.
You block the titanic slime creature's attack.
You hit the titanic slime creature.
The titanic slime creature is severely wounded.
You block the titanic slime creature's attack.
You slash the titanic slime creature!
The titanic slime creature is severely wounded.
You slash the titanic slime creature!
The titanic slime creature is severely wounded.
The titanic slime creature hits you!!!!
You die...

..#.....#......
..............# .
##............# .#
.........<....####.###
#..._....#.#..........
....).................
.......#.#.##.#......#
..............#†##+#.###
................♣JJ.....
###..#...#'#######.#....
#..#.#.......... # #
#..#.#..........
#..#.#.......##.
#..#.#.......#
#..#.#.......#
####.#.......#
#.#.......#


You could see a titanic slime creature and a slime creature.

Vanquished Creatures
  Josephine (D:11)
  2 two-headed ogres
  2 unseen horrors
  Pikel (D:5)
  A manticore (D:12)
  A cyclops (D:11)
  An ugly thing (D:11)
  Joseph (D:7)
  2 kobold demonologists (D:12)
  4 trolls
  3 slime creatures (D:12)
  A spriggan (D:8)
  3 hippogriffs
  2 wyverns
  A vampire (D:11)
  2 water elementals (D:11)
  5 wraiths
  2 hungry ghosts
  8 yaks
  A vampire mosquito (D:13)
  3 water moccasins
  7 orc warriors
  3 ice beasts
  A hornet zombie (D:8)
  3 slaves (D:5)
  2 phantoms
  3 black bears
  A sky beast (D:9)
  3 ogres
  5 wolves (D:11)
  4 centaurs
  A crocodile (D:8)
  5 big kobolds
  5 gnoll sergeants (D:11)
  3 bullfrogs (D:8)
  2 scorpions
  A water moccasin skeleton (D:10)
  11 killer bees
  5 wights (D:9)
  2 vampire bats (D:3)
  5 howler monkeys
  5 crimson imps
  A quasit (D:10)
  10 hounds
  2 centaur skeletons
  6 orc priests
  Crazy Yiuf (D:3)
  3 jellies
  3 bullfrog skeletons
  Jessica (D:3)
  5 iguanas
  Ijyb (D:3)
  7 orc wizards
  6 worker ants
  2 killer bee zombies
  A hound zombie (D:9)
  A hound skeleton (D:6)
  Robin (D:3)
  5 gnolls
  9 adders
  A shadow imp (D:5)
  An ooze (D:3)
  3 worms
  2 dart slugs
  7 leopard geckos
  34 orcs
  3 ball pythons
  4 bat skeletons (D:3)
  A bat zombie (D:3)
  3 giant cockroaches
  12 goblins
  8 hobgoblins
  14 jackals
  2 quokkas
  11 bats
  3 frilled lizards
  A giant cockroach zombie (D:5)
  13 kobolds
  A leopard gecko zombie (D:5)
  A quokka skeleton (D:4)
  9 rats
  5 plants (D:11)
328 creatures vanquished.

Vanquished Creatures (others)
  An adder (D:11)
1 creature vanquished.

Grand Total: 329 creatures vanquished

Notes
Turn   | Place    | Note
-------+----------+-------------------------------------------
     0 | D:1      | Ghouzt the Hill Orc Berserker began the quest for the Orb.
     0 | D:1      | Reached XP level 1. HP: 19/19 MP: 1/1
    62 | D:1      | Reached XP level 2. HP: 14/27 MP: 2/2
   527 | D:1      | Reached XP level 3. HP: 32/33 MP: 3/3
   797 | D:2      | Reached skill level 5 in Axes
   834 | D:2      | Reached ** piety under Trog
  1012 | D:2      | Reached XP level 4. HP: 40/41 MP: 4/4
  1013 | D:2      | Found a blossoming altar of Fedhas.
  1096 | D:2      | Found a shattered altar of Ashenzari.
  1370 | D:2      | Found an opulent altar of Gozag.
  1370 | D:2      | Found a stormy altar of Qazlal.
  1371 | D:2      | Found a bloodstained altar of Trog.
  1371 | D:2      | Found a glowing golden altar of the Shining One.
  1372 | D:2      | Found a sacrificial altar of Ru.
  1373 | D:2      | Found a deep blue altar of Sif Muna.
  1841 | D:3      | Noticed Robin
  1851 | D:3      | Killed Robin
  2091 | D:3      | Reached skill level 1 in Shields
  2091 | D:3      | Reached XP level 5. HP: 30/47 MP: 5/5
  2453 | D:3      | Found an ancient bone altar of Kikubaaqudgha.
  2472 | D:3      | Reached skill level 5 in Fighting
  2555 | D:3      | Reached XP level 6. HP: 56/56 MP: 6/6
  2573 | D:3      | Found a runed door.
  2689 | D:3      | Noticed Ijyb
  2694 | D:3      | Reached *** piety under Trog
  2699 | D:3      | Killed Ijyb
  2724 | D:3      | Noticed Jessica
  2744 | D:3      | Killed Jessica
  3116 | D:3      | Noticed Crazy Yiuf
  3122 | D:3      | Killed Crazy Yiuf
  3179 | D:4      | Noticed a phantom
  3249 | D:4      | Reached skill level 2 in Shields
  3451 | D:4      | Found a shadowy altar of Dithmenos.
  3787 | D:4      | Found a staircase to the Ecumenical Temple.
  3952 | D:5      | Entered Level 5 of the Dungeon
  3961 | D:5      | Found Geloi's Book Emporium.
  3971 | D:5      | Reached XP level 7. HP: 41/61 MP: 7/7
  4185 | D:5      | Found a sparkling altar of Nemelex Xobeh.
  4257 | D:5      | Found Hofoami's Assorted Antiques.
  4261 | D:5      | Bought a translucent zirconium amulet for 100 gold pieces
  4261 | D:5      | Identified the amulet of Darkness {Spirit rC+ Str+5} (You bought it in a shop on level 5 of the Dungeon)
  4322 | D:5      | Found Coigyet's Weapon Shop.
  4363 | D:5      | Found Kunad's Jewellery Shoppe.
  4622 | D:5      | Noticed Pikel
  4730 | D:5      | Found Jasuriun's Book Shoppe.
  4756 | D:5      | Killed Pikel
  4756 | D:5      | Reached skill level 5 in Armour
  4756 | D:5      | Reached skill level 3 in Shields
  4756 | D:5      | Reached XP level 8. HP: 70/70 MP: 6/8
  4878 | D:6      | Got a brightly glowing scale mail
  4943 | D:6      | Reached skill level 10 in Axes
  5043 | D:6      | Reached skill level 4 in Shields
  5847 | D:7      | Noticed Joseph
  5855 | D:7      | Killed Joseph
  5855 | D:7      | Reached skill level 5 in Shields
  5855 | D:7      | Reached XP level 9. HP: 78/78 MP: 7/9
  5913 | D:7      | Reached skill level 6 in Shields
  6456 | D:8      | Reached **** piety under Trog
  6531 | D:8      | Noticed a two-headed ogre
  6543 | D:8      | Killed a two-headed ogre
  6543 | D:8      | Reached skill level 7 in Shields
  6568 | D:8      | Reached skill level 8 in Shields
  6568 | D:8      | Reached XP level 10. HP: 37/86 MP: 4/10
  7221 | D:8      | Found an iron altar of Okawaru.
  7264 | D:8      | Found a sparkling altar of Nemelex Xobeh.
  7328 | D:8      | Reached skill level 9 in Shields
  8060 | D:9      | Reached skill level 10 in Armour
  8406 | D:10     | Entered Level 10 of the Dungeon
  8658 | D:10     | Reached skill level 10 in Shields
  8680 | D:10     | Reached XP level 11. HP: 95/95 MP: 9/11
  8978 | D:10     | Killed an unseen horror
  9863 | D:11     | Noticed a two-headed ogre
  9876 | D:11     | Killed a two-headed ogre
  9876 | D:11     | Reached skill level 11 in Shields
 10049 | D:11     | Found a stormy altar of Qazlal.
 10082 | D:11     | Noticed a brown ugly thing
 10097 | D:11     | Killed a brown ugly thing
 10099 | D:11     | Noticed a cyclops
 10114 | D:11     | Killed a cyclops
 10279 | D:11     | Found a staircase to the Orcish Mines.
 10556 | D:11     | Reached ***** piety under Trog
 10677 | D:11     | Reached skill level 12 in Shields
 10750 | D:11     | Noticed Josephine
 10764 | D:11     | Killed Josephine
 10765 | D:11     | Received a gift from Trog
 11164 | D:11     | Reached XP level 12. HP: 95/105 MP: 10/12
 11269 | D:11     | Found a staircase to the Lair.
 11555 | D:12     | Reached skill level 13 in Shields
 11582 | D:12     | Found Roemoss's Antique Armour Shop.
 11586 | D:12     | Bought a large shield for 99 gold pieces
 12235 | D:12     | Reached skill level 10 in Fighting
 12690 | D:13     | Found a blossoming altar of Fedhas.
 12790 | D:13     | Slain by a titanic slime creature

Skill      XL: |  1  2  3  4  5  6  7  8  9 10 11 12 |
---------------+-------------------------------------+-----
Fighting       | 4 5 6 7 8 9 10 | 10.4
Axes           | 5 6 7 9 10 | 10.4
Shields        | 1 2 3 5 8 10 12 13 | 13.4
Armour         | 3 5 6 8 10 11 12 | 12.3
Dodging        | |  1.5

Action                   |  1- 3 |  4- 6 |  7- 9 | 10-12 || total
-------------------------+-------+-------+-------+-------++-------
Melee: Hand axe          |    96 |   245 |   334 |       ||   675
       War axe           |       |       |       |   920 ||   920
Invok: Berserk           |     2 |     3 |     6 |    15 ||    26
       Trog's Hand       |       |       |     2 |     8 ||    10
       Burn Spellbooks   |       |       |     1 |       ||     1
  Use: Potion            |       |     1 |     2 |     2 ||     5
       Scroll            |       |     5 |     2 |    12 ||    19
  Eat: Chunk             |     2 |    13 |    10 |    33 ||    58
       Ration            |       |       |     1 |     4 ||     5
Armor: Animal skin       |     1 |       |       |       ||     1
       Ring mail         |    40 |    79 |       |       ||   119
       Chain mail        |       |    32 |   143 |    31 ||   206
       Plate armour      |       |       |       |   464 ||   464
Dodge: Dodged            |    84 |    78 |    69 |   236 ||   467
       Deflected         |       |     1 |     2 |     6 ||     9
Block: Shield            |       |   101 |   157 |   619 ||   877
